 Dungeon Crawl Stone Soup version 0.30-a0-986-g7f2e898f52 (webtiles) character file.

Game seed: 10062293157543953762

3485987 freelancePsychic the Impregnable (level 27, 204/213 (222) HPs)
             Began as a Gnoll Wanderer on Mar 31, 2023.
             Was the Champion of Cheibriados.
             Escaped with the Orb
             ... and 5 runes on Apr 1, 2023!
             The game lasted 01:51:47 (60130 turns).

freelancePsychic the Impregnable (Gnoll Wanderer)  Turns: 60130, Time: 01:51:47

HP:   204/213 (222) AC: 40    Str: 40    XL:     27
MP:   46/46         EV: 36    Int: 22    God:    Cheibriados [******]
Gold: 4291          SH: 27    Dex: 31    Spells: 10/64 levels left

rFire   + + +      SeeInvis +    Y - +4 consecrated labrys {holy, Valiant Fragile Fly SInv}
rCold   + + .      Faith    .    s - +5 kite shield {AC+3}
rNeg    . . .      Spirit   .    c - +8 fire dragon scales {Xtahua}
rPois   +          Reflect  .    U - +2 helmet of Courage {rC+}
rElec   .          Rampage  .    P - +1 cloak of Monotheism {Will+ Stlth+}
rCorr   .                        n - +2 pair of gloves
Will    +++..                    T - +2 pair of boots
Stlth   +++                      R - amulet "Qiveas" {+Inv rC+ Regen+ Int-2 Dex+5}
HPRegen 1.35/turn                o - ring of Catwosi {Wiz Fly rPois rF+ Str-2 Slay+2}
MPRegen 0.30/turn                r - ring "Alimaa" {rC+ EV+5}

@: flying, studying 2 skills, lightly drained, very slow
A: fangs 1, strong nose, distributed training, hooves 1, large bone plates 1,
clumsy 1, deformed body, screaming 1
0: Orb of Zot
}: 5/15 runes: decaying, serpentine, slimy, silver, abyssal
a: Renounce Religion, Evoke Invisibility, Bend Time, Temporal Distortion,
Slouch, Step From Time


You escaped.
You worshipped Cheibriados.
Cheibriados was exalted by your worship.
You visited 10 branches of the dungeon, and saw 52 of its levels.
You visited the Abyss 2 times.

You collected 9149 gold pieces.
You spent 4858 gold pieces at shops.

Inventory:

Hand Weapons
 Y - the +4 consecrated labrys (weapon) {holy, Valiant Fragile Fly SInv}
   (You bought it in a shop on level 2 of the Orcish Mines)

   Valiant:   It becomes more powerful as more dangerous foes come into view.
   SInv:      It lets you see invisible.
   Fly:       It grants you flight.
   Fragile:   It will be destroyed if unequipped.
Missiles
 k - 16 javelins
 p - 7 throwing nets
 H - 13 boomerangs (quivered)
 J - 6 silver boomerangs
 W - 6 silver javelins
Armour
 c - +8 fire dragon scales (worn) {Xtahua}
 n - a +2 pair of gloves (worn)
 s - a +5 kite shield of protection (worn)
 P - the +1 cloak of Monotheism (worn) {Will+ Stlth+}
   (You acquired it on level 2 of the Lair of Beasts)

   Will:      It increases your willpower.
   Stlth:     It makes you more stealthy.
 T - a +2 pair of boots (worn)
 U - the +2 helmet of Courage (worn) {rC+}
   (You found it on level 5 of the Vaults)

   rC:        It protects you from cold.
Jewellery
 o - the ring of Catwosi (left hand) {Wiz Fly rPois rF+ Str-2 Slay+2}
   (You bought it in a shop on level 2 of the Snake Pit)

   [ring of wizardry]

   It improves your spell success rate.
   Str:       It affects your strength (-2).
   Slay:      It affects your accuracy & damage with ranged weapons and melee
   (+2).
   rF:        It protects you from fire.
   rPois:     It protects you from poison.
   Fly:       It grants you flight.
 r - the ring "Alimaa" (right hand) {rC+ EV+5}
   (You bought it in a shop on level 2 of the Snake Pit)

   [ring of evasion]

   EV:        It affects your evasion (+5).
   rC:        It protects you from cold.
 y - the ring of Entrepreneurial Spirit {*Corrode Fly rPois Int+5 Stlth+}
   (You bought it in a shop on level 2 of the Orcish Mines)

   [ring of poison resistance]

   Int:       It affects your intelligence (+5).
   rPois:     It protects you from poison.
   Fly:       It grants you flight.
   *Corrode:  It may corrode you when you take damage.
   Stlth:     It makes you more stealthy.
 C - the ring "Menkepok" {rF+ rC++ Str+3}
   (You found it on level 3 of the Vaults)

   [ring of protection from fire]

   Str:       It affects your strength (+3).
   rF:        It protects you from fire.
   rC:        It greatly protects you from cold.
 R - the amulet "Qiveas" (around neck) {+Inv rC+ Regen+ Int-2 Dex+5}
   (You acquired it on level 3 of the Elven Halls)

   [amulet of regeneration]

   Int:       It affects your intelligence (-2).
   Dex:       It affects your dexterity (+5).
   rC:        It protects you from cold.
   +Inv:      It lets you turn invisible.
   Regen:     It increases your rate of health regeneration.
Wands
 h - a wand of iceblast (11)
 j - a wand of quicksilver (32)
 m - a wand of charming (61)
 D - a wand of flame (90)
 E - a wand of digging (14)
 K - a wand of mindburst (24)
Scrolls
 d - 4 scrolls of magic mapping
 e - 2 scrolls of immolation
 f - 3 scrolls of silence
 q - 32 scrolls of teleportation {@r4}
 t - 5 scrolls of fear
 x - a scroll of brand weapon
 A - 8 scrolls of blinking
 G - 2 scrolls of poison
 O - 7 scrolls of amnesia
 Z - 6 scrolls of fog
Potions
 b - 9 potions of mutation
 g - 3 potions of might
 i - 3 potions of heal wounds {@q2}
 u - 6 potions of invisibility
 v - 10 potions of flight
 w - a potion of cancellation
 z - 7 potions of ambrosia
 B - 6 potions of magic
 F - 22 potions of curing {@q1}
 I - 10 potions of brilliance
 Q - 5 potions of lignification
 S - 4 potions of resistance
 V - 5 potions of berserk rage
 X - 11 potions of attraction
Miscellaneous
 a - a phantom mirror
 l - a box of beasts
 L - a condenser vane
 M - a lightning rod (4/4)
 N - a tin of tremorstones (2/2)


   Skills:
 + Level 19.3 Fighting
 + Level 18.8 Short Blades
 + Level 18.8 Long Blades
 + Level 18.8 Axes
 + Level 18.8 Maces & Flails
 + Level 24.7 Polearms
 + Level 18.8 Staves
 + Level 18.8 Ranged Weapons
 + Level 18.8 Throwing
 + Level 26.9 Armour
 + Level 18.8 Dodging
 + Level 18.8 Stealth
 + Level 18.8 Shields
 + Level 18.8 Unarmed Combat
 + Level 19.0 Spellcasting
 + Level 16.1 Conjurations
 + Level 16.1 Hexes
 + Level 16.1 Summonings
 + Level 16.1 Necromancy
 + Level 16.1 Translocations
 + Level 16.1 Transmutations
 + Level 16.1 Fire Magic
 + Level 16.1 Ice Magic
 + Level 16.1 Air Magic
 + Level 16.1 Earth Magic
 + Level 16.1 Poison Magic
 + Level 20.8 Invocations
 + Level 23.6 Evocations


You had 10 spell levels left.
You knew the following spells:

 Your Spells              Type           Power      Damage    Failure   Level
a - Wereblood             Tmut           75%        N/A       0%          2
b - Borgnjor's Vile Clut  Necr/Erth      37%        N/A       1%          5
c - Manifold Assault      Tloc           75%        N/A       1%          4
d - Dispel Undead         Necr           75%        3d25      1%          4
e - Iron Shot             Conj/Erth      37%        9d7       1%          6
f - Statue Form           Tmut/Erth      50%        N/A       1%          6
g - Eringya's Noxious Bo  Tmut/Pois      37%        N/A       1%          6
h - Irradiate             Conj/Tmut      37%        3d24      1%          5
i - Enfeeble              Hex            37%        N/A       2%          7
j - Ignite Poison         Fire/Tmut/Pois 75%        N/A       0%          3
k - Dispersal             Tloc           37%        N/A       1%          6

Your spell library contained the following spells:

 Spells                   Type           Power      Damage    Failure   Level
 Apportation              Tloc           100%       N/A       0%          1
 Beastly Appendage        Tmut           100%       N/A       0%          1
 Freeze                   Ice            100%       1d10      0%          1
 Kiss of Death            Conj/Necr      100%       2d13      0%          1
 Necrotise                Necr           100%       1d9       0%          1
 Sandblast                Erth           100%       2d20      0%          1
 Shock                    Conj/Air       100%       1d9       0%          1
 Slow                     Hex            100%       N/A       0%          1
 Sting                    Tmut/Pois      100%       1d8       0%          1
 Summon Small Mammal      Summ           100%       N/A       0%          1
 Blink                    Tloc           100%       N/A       0%          2
 Cigotuvi's Dreadful Rot  Necr/Pois/Air  100%       N/A       0%          2
 Ensorcelled Hibernation  Hex/Ice        100%       N/A       0%          2
 Lesser Beckoning         Tloc           100%       N/A       0%          2
 Momentum Strike          Conj/Tloc      100%       3d10      0%          2
 Passwall                 Tmut/Erth      62%        N/A       0%          2
 Poisonous Vapours        Pois/Air       100%       N/A       0%          2
 Sublimation of Blood     Necr           75%        N/A       0%          2
 Call Canine Familiar     Summ           75%        N/A       0%          3
 Confusing Touch          Hex            75%        N/A       0%          3
 Dazzling Flash           Conj/Hex       100%       N/A       0%          3
 Frozen Ramparts          Ice            100%       1d16      0%          3
 Gell's Gravitas          Tloc           75%        N/A       0%          3
 Hailstorm                Conj/Ice       75%        3d15      0%          3
 Inner Flame              Hex/Fire       75%        N/A       0%          3
 Kindle Blastsparks       Fire/Tloc/Air  100%       2d18      0%          3
 Mephitic Cloud           Conj/Pois/Air  75%        N/A       0%          3
 Ozocubu's Armour         Ice            75%        N/A       0%          3
 Portal Projectile        Hex/Tloc       100%       N/A       0%          3
 Spider Form              Tmut/Pois      75%        N/A       0%          3
 Stone Arrow              Conj/Erth      100%       3d13      0%          3
 Summon Guardian Golem    Hex/Summ       75%        N/A       0%          3
 Swiftness                Air            75%        N/A       0%          3
 Teleport Other           Tloc           75%        N/A       0%          3
 Vampiric Draining        Necr           75%        2d11      0%          3
 Airstrike                Air            37%        2d(6-22)  1%          4
 Anguish                  Hex/Necr       37%        N/A       1%          4
 Animate Armour           Summ/Erth      100%       N/A       1%          4
 Cause Fear               Hex            37%        N/A       1%          4
 Ice Form                 Ice/Tmut       75%        N/A       1%          4
 Iskenderun's Mystic Bla  Conj/Tloc      75%        2d15      1%          4
 Leda's Liquefaction      Hex/Erth       37%        N/A       1%          4
 Olgreb's Toxic Radiance  Pois           75%        N/A       1%          4
 Petrify                  Tmut/Erth      75%        N/A       1%          4
 Summon Ice Beast         Ice/Summ       75%        N/A       1%          4
 Agony                    Necr           75%        N/A       1%          5
 Alistair's Intoxication  Tmut/Pois      50%        N/A       1%          5
 Freezing Cloud           Conj/Ice/Air   37%        6-21      1%          5
 Lee's Rapid Deconstruct  Erth           37%        3d19*     1%          5
 Metabolic Englaciation   Hex/Ice        37%        N/A       1%          5
 Silence                  Hex/Air        37%        N/A       1%          5
 Conjure Ball Lightning   Conj/Air       37%        3x3d12    1%          6
 Death Channel            Necr           37%        N/A       1%          6
 Simulacrum               Ice/Necr       37%        N/A       1%          6
 Starburst                Conj/Fire      37%        6d11      1%          6
 Monstrous Menagerie      Summ           37%        N/A       2%          7
 Ozocubu's Refrigeration  Ice            37%        4d15      2%          7
 Storm Form               Tmut/Air       37%        N/A       2%          7
 Summon Hydra             Summ           37%        N/A       2%          7
 Discord                  Hex            37%        N/A       16%         8
 Disjunction              Tloc           37%        N/A       16%         8
 Infestation              Necr           37%        N/A       16%         8
 Lehudib's Crystal Spear  Conj/Erth      37%        10d9      16%         8
 Chain Lightning          Conj/Air       37%        3d50      91%         9
 Fire Storm               Conj/Fire      37%        8d10      91%         9
 Polar Vortex             Ice            37%        N/A       91%         9
 Shatter                  Erth           37%        3d30*     91%         9


Dungeon Overview and Level Annotations

Branches:
Dungeon (15/15)            Temple (0/1) D:5            Lair (5/5) D:11
  Swamp (4/4) Lair:2        Snake (4/4) Lair:2        Slime (5/5) Lair:5
    Orc (2/2) D:10            Elf (3/3) Orc:2        Vaults (5/5) D:14
  Crypt (0/3) Vaults:3     Depths (4/4) D:15            Zot (5/5) Depths:4

Altars:
Ashenzari
Cheibriados
Hepliaklqana
Okawaru
Ru
Trog
Jiyva

Shops:
D:8 :   D:11 *   Orc:2 (!=(   Elf:1 [   Snake:1 *   Snake:2 =:=   Snake:3 :
Vaults:1 :   Vaults:3 *   Vaults:5 ?

Portals:
Hell: Depths:1 Depths:2 Depths:3 Depths:4
Abyss: Depths:3
Pandemonium: Depths:2 Depths:4
Ziggurat: Depths:1
Trove: Depths:4 (give 4 potions of resistance)

Annotations:
D:7 1 runed translucent door, exclusion: door, Crazy Yiuf
D:9 4 transporters
Elf:2 3 runed translucent doors
Elf:3 3 runed translucent doors, hikkokomori's ghost, adept GrHu
Zot:1 4 transporters
Zot:2 2 transporters, Zaeh's ghost, veteran TrTm


Innate Abilities, Weirdness & Mutations

You have very sharp teeth.
Your uncanny sense of smell can sniff out nearby items.
Your experience applies equally to all skills.
You have large cloven feet.
You are partially covered in large bone plates. (SH +4)
You are clumsy. (Dex -2)
Armour fits poorly on your strangely shaped body.
You occasionally shout uncontrollably at your foes.


Message History

The ice devil is severely wounded.
The ice devil completely misses you.
You slash the ice devil!
The ice devil convulses.
You bite the ice devil, but do no damage.
The ice devil is almost dead.
You block the ice devil's attack.
You cut the ice devil into ribbons!!!
You kill the ice devil!
Cheibriados thoroughly appreciates the change of pace.
(D) Dungeon (T) Temple (L) Lair (S) Swamp (P) Snake Pit (M) Slime Pits (O) Orcish Mines (E) Elven Halls (V) Vaults (C) Crypt (U) Depths (H) Hell (Z) Zot
Where to? (Enter - D:1 @ (x,y), ? - help) HP restored.
An Executioner and a large abomination come into view.
The Executioner gestures.
The Executioner seems to speed up.
You block the Executioner's attack. x3
The Executioner hits you!
The Executioner hits you but does no damage.
You block the Executioner's attack.
You open the Executioner like a pillowcase!!!
The Executioner convulses.
You kill the Executioner!
Cheibriados thoroughly appreciates the change of pace.
You slash the plant!
The plant begins to die.
You hit the large abomination.
The large abomination convulses.
You slash the plant!
The plant begins to die.
You block the large abomination's attack.
You slash the large abomination!
The large abomination convulses.
The large abomination is heavily damaged.
You chop the plant into pieces!!! You slice the plant!!
You block the large abomination's attack.
You carve the large abomination like a ham!!!
You destroy the large abomination!
Cheibriados thoroughly appreciates the change of pace.
You slice the plant!! You slash the plant!
No target in view!
A nearby plant withers and dies. x2
There is a staircase leading out of the dungeon here.
You have escaped!

#......#
#...P.P...######.####.
######## #..P#~#P..######.#
## #######
##.##~##.......#.####.
##....# #.~~~~~.......#...#..
##....# #.##~##.......#####..
##....# #..#~#P.#.....## #..
.'....# #....P..#......####..
##....# #.......######...##..
#....#######...@...# ###..##.
####.##............# ######
#.##.####..P....############.
###.#..#
#.P#~#..#...........#
#...#รท##
#.##~##.#.#########.# #.###.#
#.~~~~~.#.# #.# #.# #.#
#.##~##...# #.# #.###.#
#.P#~#P...# #.#
#.....#####..P.P....# #.#


There were no monsters in sight!

Vanquished Creatures
  Dissolution (Slime:2)
  the Royal Jelly (Slime:5)
  3 dread liches
  6 ancient liches
  Mara (Depths:2)
  7 orbs of fire (Zot:5)
  A juggernaut (Depths:3)
  Josephina (Depths:4)
  5 Killer Klowns (Zot:5)
  A curse toe (Zot:5)
  Xtahua (Vaults:4)
  9 golden dragons
  4 electric golems
  A Tzitzimitl (Zot:5)
  The ghost of Inath the Black Belt, an adept OpTm of Cheibriados (Vaults:3)
  27 Orb Guardians
  3 liches
  15 tentacled monstrosities
  Jorgrun (Snake:1)
  2 titans (Vaults:5)
  A Hell Sentinel (D:14)
  12 acid blobs
  12 quicksilver dragons
  12 death cobs
  An ancient champion (Elf:2)
  2 tentacled starspawn
  4 deep elf master archers (Elf:3)
  3 sphinxes
  Kirke (Lair:2)
  An Executioner (D:1)
  A thorn hunter (Swamp:3)
  11 storm dragons
  2 tengu reavers (Vaults:5)
  8 shadow dragons
  A fenstrider witch (Swamp:2)
  6 rockslimes
  6 nagarajas
  6 draconian monks
  4 frost giants
  A daeva (Abyss:4)
  5 fire giants
  9 azure jellies
  6 draconian knights
  9 deep elf sorcerers
  3 iron dragons (Vaults:5)
  Aizul (Swamp:2)
  11 draconian scorchers
  A balrug (D:9)
  12 vault wardens
  An angel (Abyss:4)
  3 deep elf elementalists
  9 draconian shifters
  13 ironbound preservers
  3 ghouls
  11 quicksilver oozes
  8 draconian annihilators
  2 war gargoyles (Vaults:5)
  15 very ugly things
  5 draconian stormcallers
  21 stone giants
  10 green draconians
  A reaper (Depths:1)
  2 ironbound thunderhulks
  3 eleionomae
  3 spriggan defenders
  3 vampire knights
  The ghost of Ties the Spry, a journeyman SpEn of Wu Jian (Snake:1)
  14 dire elephants
  9 purple draconians
  12 deep elf annihilators
  7 black draconians
  8 yellow draconians
  3 deep elf demonologists (Elf:3)
  7 red draconians
  A minotaur (shapeshifter) (Vaults:5)
  17 white draconians
  A lorocyproca (Zot:5)
  5 bunyips
  10 spark wasps
  A blizzard demon (Zot:5)
  4 eidola
  8 fire dragons
  7 ettins
  2 crystal guardians (Vaults:4)
  6 deep elf death magi
  A merfolk javelineer (Depths:2)
  A jiangshi (Elf:2)
  3 deep elf high priests
  3 green deaths
  5 spectral elves (Elf:2)
  2 shambling mangroves
  4 rakshasas
  15 yaktaur captains
  3 entropy weavers
  11 great orbs of eyes
  Fannar (D:11)
  Harold (D:11)
  35 vault guards
  9 ice dragons
  A peacekeeper (Vaults:4)
  3 spriggan air magi
  6 hydras
  14 anacondas
  A catoblepas (Lair:5)
  4 ghost crabs
  2 ogre magi (Vaults:5)
  A death knight (D:13)
  2 hell beasts
  10 ironbound frosthearts
  2 salamander tyrants (Snake:4)
  8 centaur warriors
  7 boulder beetles
  3 two-headed ogres
  14 dancing weapons
  7 alligators
  18 deep troll earth magi
  6 shock serpents
  6 death yaks (Lair:5)
  10 deep troll shamans
  4 tengu warriors
  8 hell hogs
  19 naga warriors
  2 alligators (shapeshifter)
  2 vampire magi
  3 large abominations
  17 naga sharpshooters
  2 soul eaters
  15 spriggans
  2 spriggan berserkers (Depths:3)
  3 orc high priests (Orc:2)
  Urug (D:10)
  5 thrashing horrors
  A hell knight (Depths:4)
  11 sun demons
  10 deep elf knights
  3 skeletal warriors (D:15)
  9 iron trolls
  2 goliath frogs
  2 shadow wraiths (Elf:2)
  3 skysharks
  A titan skeleton (Depths:2)
  A salamander mystic (Snake:3)
  An elf simulacrum (Elf:2)
  36 deep trolls
  A sea snake (Elf:1)
  A death drake (Elf:1)
  A spriggan druid (Swamp:3)
  2 flayed ghosts
  2 glowing orange brains
  12 bog bodies
  8 deep elf archers
  A shadow demon (D:9)
  6 swamp dragons
  4 phantasmal warriors
  7 wizards
  8 necromancers
  9 lindwurms
  23 deep elf pyromancers
  22 deep elf zephyrmancers
  17 ironbound convokers
  6 naga ritualists
  7 orc sorcerers
  49 ugly things
  3 draconians (Abyss:4)
  5 mana vipers
  An oklob plant (Lair:1)
  8 orc knights
  A will-o-the-wisp (Swamp:2)
  5 shining eyes
  A cyclops (shapeshifter) (Depths:1)
  A wolf spider (D:15)
  6 cyclopes
  22 salamanders
  18 elephants
  A fire giant skeleton (Depths:2)
  A rust devil (Depths:2)
  2 centaur zombies (D:15)
  22 moths of wrath
  Maurice (D:13)
  40 black mambas
  9 guardian serpents
  A gargoyle (D:14)
  An apocalypse crab (Abyss:4)
  17 vault sentinels
  22 naga magi
  A torpor snail (Lair:4)
  An eye of devastation (Slime:5)
  A storm dragon simulacrum (Zot:1)
  2 rime drakes (Lair:4)
  4 smoke demons
  13 cane toads
  2 orange demons (Depths:2)
  An unseen horror (shapeshifter) (D:14)
  2 tengu conjurers
  An efreet (Abyss:4)
  A komodo dragon (shapeshifter) (Depths:1)
  38 yaktaurs
  4 komodo dragons
  A hellion (Depths:4)
  3 ancient zymes
  2 freezing wraiths
  3 kobold demonologists
  An ice devil (D:1)
  2 trolls
  2 hellwings
  4 polar bears
  A red devil (Depths:4)
  A queen bee (D:10)
  2 tarantellas (Elf:1)
  A wolf spider simulacrum (D:14)
  21 hornets
  A bloated husk (Swamp:4)
  15 blink frogs
  8 tyrant leeches
  A snapping turtle (shapeshifter) (Elf:3)
  3 air elementals
  112 slime creatures
  A flying skull (Elf:2)
  A centaur simulacrum (D:15)
  5 shadows
  2 vampires
  3 wraiths
  A wyvern (shapeshifter) (Vaults:5)
  A ynoxinul (Depths:2)
  3 small abominations
  44 yaks
  4 wyverns
  4 fire elementals
  3 hogs (Snake:1)
  8 water elementals
  6 redbacks
  8 golden eyes
  19 humans (D:14)
  14 vampire mosquitoes
  A chaos spawn (Depths:4)
  A yellow draconian simulacrum (Zot:1)
  2 basilisks
  3 neqoxecs
  2 steam dragons
  10 swamp worms
  Menkaure (D:7)
  A warg (Vaults:5)
  43 nagas
  8 hydra simulacra (Depths:3)
  An acid dragon (D:11)
  13 water moccasins
  A hell hound (Depths:3)
  A swamp drake (Swamp:1)
  2 black bears (Lair:1)
  An ice beast (D:6)
  2 moth of wrath simulacra (Zot:1)
  A sky beast (D:8)
  23 orc warriors
  9 ogres
  19 wolves
  3 centaurs
  A phantom (D:4)
  10 kobold brigands (D:11)
  6 elf zombies (Elf:1)
  10 bullfrogs
  A glowing shapeshifter simulacrum (Depths:2)
  3 earth elementals
  A gnoll sergeant (D:9)
  A scorpion (D:7)
  A necrophage (Swamp:3)
  12 wights
  18 killer bees
  3 electric eels
  2 howler monkeys
  3 lava snakes (Lair:2)
  A quasit (Abyss:4)
  4 jellies
  A gnoll bouda (D:6)
  2 hounds
  18 starcursed masses
  21 orc priests
  An iguana (D:4)
  30 orc wizards
  A boggart skeleton (D:15)
  8 gnolls
  11 adders
  3 white imps
  2 ufetubi
  A worm (D:2)
  7 dart slugs
  69 orcs
  4 ball pythons
  7 endoplasms
  17 giant cockroaches
  8 goblins
  8 hobgoblins
  4 quokkas
  5 bats
  22 kobolds
  5 rats
  A bush (D:5)
  A starspawn tentacle (Abyss:3)
2099 creatures vanquished.

Vanquished Creatures (collateral kills)
  A deep elf blademaster (Elf:3)
  A vault warden (Vaults:1)
  A deep elf death mage (Elf:3)
  A deep elf high priest (Elf:3)
  A yaktaur captain (Vaults:1)
  A boulder beetle (Vaults:1)
  A basilisk (shapeshifter) (Elf:3)
7 creatures vanquished.

Vanquished Creatures (others)
  2 deep elf blademasters (Elf:3)
  An eleionoma (Swamp:4)
  A deep elf knight (Elf:3)
  A deep elf pyromancer (Elf:3)
  A spriggan (Swamp:4)
  A fire elemental (Elf:3)
  A water elemental (Depths:3)
  2 foxfires (Swamp:2)
  13 fungi
  3 lost souls (Elf:2)
  A lurking horror (Abyss:4)
  41 plants
  5 starspawn tentacles
73 creatures vanquished.

Grand Total: 2179 creatures vanquished

Notes
Turn   | Place    | Note
-------+----------+-------------------------------------------
     0 | D:1      | Reached skill level 10 in Armour
     0 | D:1      | freelancePsychic the Gnoll Wanderer began the quest for the
                  | Orb.
     0 | D:1      | freelancePsychic set off with the following items: a +0
                  | club, a potion of mutation, a potion of curing {@q1}, a
                  | potion of haste {@q3}, a +2 scale mail.
     0 | D:1      | Reached XP level 1. HP: 20/20 MP: 4/4
   123 | D:1      | Reached XP level 2. HP: 16/26 MP: 5/5
   128 | D:2      | Found a snail-covered altar of Cheibriados.
   333 | D:2      | Reached XP level 3. HP: 31/31 MP: 7/7
   354 | D:2      | Became a worshipper of Cheibriados the Contemplative
   425 | D:2      | Reached skill level 1 in Short Blades
   425 | D:2      | Reached skill level 1 in Long Blades
   425 | D:2      | Reached skill level 1 in Axes
   425 | D:2      | Reached skill level 1 in Maces & Flails
   425 | D:2      | Reached skill level 1 in Polearms
   425 | D:2      | Reached skill level 1 in Staves
   425 | D:2      | Reached skill level 1 in Ranged Weapons
   425 | D:2      | Reached skill level 1 in Throwing
   425 | D:2      | Reached skill level 1 in Dodging
   425 | D:2      | Reached skill level 1 in Stealth
   425 | D:2      | Reached skill level 1 in Shields
   425 | D:2      | Reached skill level 1 in Unarmed Combat
   425 | D:2      | Reached skill level 1 in Evocations
   425 | D:2      | Reached XP level 4. HP: 36/38 MP: 8/8
   514 | D:2      | Reached skill level 1 in Conjurations
   514 | D:2      | Reached skill level 1 in Hexes
   514 | D:2      | Reached skill level 1 in Summonings
   514 | D:2      | Reached skill level 1 in Necromancy
   514 | D:2      | Reached skill level 1 in Translocations
   514 | D:2      | Reached skill level 1 in Transmutations
   514 | D:2      | Reached skill level 1 in Fire Magic
   514 | D:2      | Reached skill level 1 in Ice Magic
   514 | D:2      | Reached skill level 1 in Air Magic
   514 | D:2      | Reached skill level 1 in Earth Magic
   514 | D:2      | Reached skill level 1 in Poison Magic
   637 | D:2      | Found a faded altar of an unknown god.
   880 | D:1      | Reached * piety under Cheibriados
  1254 | D:1      | Reached XP level 5. HP: 43/43 MP: 9/9
  1535 | D:3      | Reached ** piety under Cheibriados
  2141 | D:4      | Identified the +7 falchion of Keru Ham {pain, Dex+5}
  2386 | D:4      | Reached skill level 5 in Invocations
  2431 | D:4      | Reached XP level 6. HP: 50/50 MP: 11/11
  2439 | D:4      | Reached skill level 5 in Fighting
  2524 | D:4      | Reached *** piety under Cheibriados
  2712 | D:5      | Entered Level 5 of the Dungeon
  2813 | D:5      | Reached XP level 7. HP: 53/56 MP: 12/12
  3036 | D:5      | Found a staircase to the Ecumenical Temple.
  3719 | D:6      | Reached XP level 8. HP: 63/63 MP: 14/14
  3915 | D:6      | Found a broken altar of Ashenzari.
  3966 | D:6      | Reached skill level 11 in Armour
  4166 | D:6      | Noticed a wraith
  4173 | D:6      | Killed a wraith
  4201 | D:6      | Reached **** piety under Cheibriados
  4657 | D:7      | Noticed Menkaure
  4760 | D:7      | Killed Menkaure
  4761 | D:7      | Reached skill level 5 in Spellcasting
  4761 | D:7      | Reached XP level 9. HP: 69/69 MP: 16/16
  5473 | D:7      | Found a runed translucent door.
  5474 | D:7      | Noticed Crazy Yiuf
  5601 | D:8      | Reached skill level 12 in Armour
  5882 | D:8      | Reached ***** piety under Cheibriados
  6125 | D:8      | Identified the amulet of Heuqoat {Spirit rElec}
  6308 | D:8      | Reached skill level 5 in Short Blades
  6308 | D:8      | Reached skill level 5 in Long Blades
  6308 | D:8      | Reached skill level 5 in Axes
  6308 | D:8      | Reached skill level 5 in Maces & Flails
  6308 | D:8      | Reached skill level 5 in Polearms
  6308 | D:8      | Reached skill level 5 in Staves
  6308 | D:8      | Reached skill level 5 in Ranged Weapons
  6308 | D:8      | Reached skill level 5 in Throwing
  6308 | D:8      | Reached skill level 5 in Dodging
  6308 | D:8      | Reached skill level 5 in Stealth
  6308 | D:8      | Reached skill level 5 in Shields
  6308 | D:8      | Reached skill level 5 in Unarmed Combat
  6308 | D:8      | Reached skill level 5 in Evocations
  6308 | D:8      | Reached XP level 10. HP: 73/77 MP: 18/18
  6358 | D:8      | Found Omukh's Self-Improvement Boutique.
  7263 | D:9      | Noticed a gargoyle
  7422 | D:9      | Found a transporter.
  7543 | D:9      | Found a transporter.
  7663 | D:9      | Found a transporter.
  7699 | D:9      | Found a transporter.
  7722 | D:9      | Reached skill level 13 in Armour
  8061 | D:10     | Entered Level 10 of the Dungeon
  8239 | D:10     | Noticed Urug
  8330 | D:10     | Reached skill level 5 in Conjurations
  8330 | D:10     | Reached skill level 5 in Hexes
  8330 | D:10     | Reached skill level 5 in Summonings
  8330 | D:10     | Reached skill level 5 in Necromancy
  8330 | D:10     | Reached skill level 5 in Translocations
  8330 | D:10     | Reached skill level 5 in Transmutations
  8330 | D:10     | Reached skill level 5 in Fire Magic
  8330 | D:10     | Reached skill level 5 in Ice Magic
  8330 | D:10     | Reached skill level 5 in Air Magic
  8330 | D:10     | Reached skill level 5 in Earth Magic
  8330 | D:10     | Reached skill level 5 in Poison Magic
  8633 | D:10     | Reached XP level 11. HP: 80/85 MP: 15/21
  8808 | D:10     | Found a staircase to the Orcish Mines.
  9266 | Orc:1    | Entered Level 1 of the Orcish Mines
  9355 | Orc:1    | Noticed an orc sorcerer
  9360 | Orc:1    | Noticed a soul eater
  9361 | Orc:1    | Killed an orc sorcerer
  9671 | Orc:2    | Entered Level 2 of the Orcish Mines
  9671 | Orc:2    | Found a staircase to the Elven Halls.
  9845 | D:11     | Noticed Harold
  9918 | D:11     | Noticed Fannar
  9978 | D:11     | Found a staircase to the Lair.
  9980 | D:11     | Found Iti Monn's Fire Supplies.
 10132 | D:11     | Noticed a cyclops
 10139 | D:11     | Killed a cyclops
 10507 | D:11     | Noticed a two-headed ogre
 10666 | D:8      | Bought a manual of Polearms for 1200 gold pieces
 10816 | D:10     | Killed Urug
 10997 | Lair:1   | Entered Level 1 of the Lair of Beasts
 10997 | Lair:1   | Noticed an oklob plant
 11007 | Lair:1   | Killed an oklob plant
 11187 | Lair:1   | Reached XP level 12. HP: 52/94 MP: 13/23
 11188 | Lair:1   | Reached skill level 14 in Armour
 12484 | Lair:2   | Reached ****** piety under Cheibriados
 12499 | Lair:2   | Identified a scroll of acquirement
 12646 | Lair:2   | Acquired the +1 cloak of Monotheism {Will+ Stlth+}
 12942 | Lair:2   | Found a staircase to the Snake Pit.
 13387 | Lair:2   | Found a staircase to the Swamp.
 13607 | Lair:3   | Noticed a skyshark
 13617 | Lair:3   | Killed a skyshark
 14139 | Lair:3   | Learned a level 2 spell: Wereblood
 14145 | Lair:3   | Learned a level 5 spell: Borgnjor's Vile Clutch
 14150 | Lair:3   | Learned a level 4 spell: Manifold Assault
 14165 | Lair:3   | Reached skill level 10 in Invocations
 14429 | Lair:3   | Noticed a skyshark
 14436 | Lair:3   | Killed a skyshark
 14437 | Lair:3   | Reached XP level 13. HP: 101/101 MP: 25/25
 14670 | Lair:4   | Reached skill level 15 in Armour
 15461 | Lair:4   | Reached skill level 10 in Polearms
 15644 | Lair:5   | Entered Level 5 of the Lair of Beasts
 16038 | Lair:5   | Reached skill level 10 in Fighting
 16176 | Lair:5   | Identified the +0 chain mail of Dawn {+Inv}
 16322 | Lair:5   | Found a viscous altar of Jiyva.
 16322 | Lair:5   | Found a staircase to the Slime Pits.
 16800 | Lair:5   | Reached XP level 14. HP: 105/110 MP: 24/27
 16840 | Lair:5   | Reached skill level 16 in Armour
 17694 | Orc:2    | Found Rulal's Weapon Shoppe.
 17745 | Orc:2    | Reached skill level 10 in Spellcasting
 17818 | Orc:2    | Found Eteuniuf's Jewellery Boutique.
 17824 | Orc:2    | Found Fosafixt's Distillery.
 17826 | Orc:2    | Found Padimi's Antique Weapon Shoppe.
 18097 | Orc:2    | Bought the +4 consecrated labrys {holy, Valiant Fragile Fly
                  | SInv} for 1012 gold pieces
 18097 | Orc:2    | Found the +4 consecrated labrys {holy, Valiant Fragile Fly
                  | SInv}
 18258 | D:12     | HP: 4/111 [enormous slime creature (54)]
 19093 | D:12     | Found a bloodstained altar of Trog.
 19885 | D:13     | Noticed Maurice
 19892 | D:13     | Killed Maurice
 19984 | D:13     | Reached skill level 10 in Short Blades
 19984 | D:13     | Reached skill level 10 in Long Blades
 19984 | D:13     | Reached skill level 10 in Axes
 19984 | D:13     | Reached skill level 10 in Maces & Flails
 19984 | D:13     | Reached skill level 10 in Staves
 19984 | D:13     | Reached skill level 10 in Ranged Weapons
 19984 | D:13     | Reached skill level 10 in Throwing
 19984 | D:13     | Reached skill level 10 in Dodging
 19984 | D:13     | Reached skill level 10 in Stealth
 19984 | D:13     | Reached skill level 10 in Shields
 19984 | D:13     | Reached skill level 10 in Unarmed Combat
 19984 | D:13     | Reached skill level 10 in Evocations
 20418 | D:14     | Reached XP level 15. HP: 89/118 MP: 19/29
 20704 | D:14     | Reached skill level 17 in Armour
 21593 | D:15     | Entered Level 15 of the Dungeon
 22076 | D:15     | Found a hazy altar of Hepliaklqana.
 22429 | D:15     | Found a staircase to the Depths.
 22585 | D:15     | Upgraded the game from 0.30-a0-965-g42e074c17a to
                  | 0.30-a0-972-gf3ab3527aa
 22958 | Snake:1  | Entered Level 1 of the Snake Pit
 23301 | Snake:1  | Noticed Jorgrun
 23308 | Snake:1  | Killed Jorgrun
 23309 | Snake:1  | Reached XP level 16. HP: 108/127 MP: 22/31
 23369 | Snake:1  | Noticed Kirke
 23386 | Snake:1  | Noticed a sphinx
 23654 | Swamp:1  | Entered Level 1 of the Swamp
 24967 | Orc:2    | Bought the ring of Entrepreneurial Spirit {*Corrode Fly
                  | rPois Int+5 Stlth+} for 441 gold pieces
 25154 | Lair:2   | Killed Kirke
 25155 | Lair:2   | Reached skill level 18 in Armour
 25441 | Snake:1  | Noticed Ties's ghost (journeyman SpEn)
 25442 | Snake:1  | Found a runed translucent door.
 25831 | Snake:1  | Found Joejyw's General Store.
 26376 | Snake:2  | Learned a level 4 spell: Dispel Undead
 26414 | Snake:1  | Killed Ties's ghost
 27399 | Snake:2  | Found Zexko's Jewellery Shop.
 27399 | Snake:2  | Found Firen's Book Emporium.
 27400 | Snake:2  | Found Moesujel's Jewellery Shop.
 28645 | Snake:3  | Noticed a nagaraja
 28656 | Snake:3  | Killed a nagaraja
 28671 | Snake:3  | Reached XP level 17. HP: 104/135 MP: 11/33
 28795 | Snake:3  | Reached skill level 15 in Polearms
 28795 | Snake:3  | Reached skill level 10 in Conjurations
 28795 | Snake:3  | Reached skill level 10 in Hexes
 28795 | Snake:3  | Reached skill level 10 in Summonings
 28795 | Snake:3  | Reached skill level 10 in Necromancy
 28795 | Snake:3  | Reached skill level 10 in Translocations
 28795 | Snake:3  | Reached skill level 10 in Transmutations
 28795 | Snake:3  | Reached skill level 10 in Fire Magic
 28795 | Snake:3  | Reached skill level 10 in Ice Magic
 28795 | Snake:3  | Reached skill level 10 in Air Magic
 28795 | Snake:3  | Reached skill level 10 in Earth Magic
 28795 | Snake:3  | Reached skill level 10 in Poison Magic
 29620 | Snake:3  | Reached skill level 19 in Armour
 29785 | Snake:3  | Found Ablu Jisa's Tremendous Tomes.
 30099 | Swamp:2  | Noticed Aizul
 30113 | Swamp:2  | Killed Aizul
 31955 | Swamp:4  | Entered Level 4 of the Swamp
 32032 | Swamp:4  | Reached XP level 18. HP: 56/143 MP: 25/34
 32388 | Swamp:4  | Got a decaying rune of Zot
 32740 | Swamp:4  | Found the +4 Cigotuvi's embrace {Corpsefed rMiasma Drain
                  | rN+}
 33281 | Snake:4  | Entered Level 4 of the Snake Pit
 33726 | Snake:4  | Acquired 994 gold pieces
 34142 | Snake:4  | Reached skill level 20 in Armour
 34373 | Snake:4  | Got a serpentine rune of Zot
 35239 | Snake:2  | Bought the ring of Catwosi {Wiz Fly rPois rF+ Str-2 Slay+2}
                  | for 763 gold pieces
 35243 | Snake:2  | Bought the ring "Alimaa" {rC+ EV+5} for 650 gold pieces
 35463 | Elf:1    | Entered Level 1 of the Elven Halls
 35935 | Elf:1    | Found Ceucaos's Armour Boutique.
 36255 | Elf:1    | Reached skill level 15 in Invocations
 36258 | Elf:1    | Reached XP level 19. HP: 135/151 MP: 18/36
 36280 | Elf:1    | Paralysed by an air elemental for 1 turns
 36419 | Elf:1    | Paralysed by an air elemental for 1 turns
 36550 | Elf:1    | Got the Volume of Misery
 36570 | Elf:1    | Reached skill level 15 in Evocations
 36859 | Elf:1    | Got the Codex of Toxicity
 37039 | Elf:2    | Paralysed by an air elemental for 1 turns
 37042 | Elf:2    | Paralysed by an air elemental for 1 turns
 37884 | Elf:2    | Identified the +3 scale mail "Vophih" {rElec rF+ Str+4
                  | Int-3}
 37978 | Elf:2    | Found a runed translucent gate.
 37979 | Elf:2    | Found a runed translucent gate.
 37981 | Elf:2    | Found a runed translucent gate.
 38130 | Elf:3    | Entered Level 3 of the Elven Halls
 38482 | Elf:3    | Reached skill level 21 in Armour
 38482 | Elf:3    | Noticed an Ice Fiend
 38585 | Elf:3    | Acquired the amulet "Qiveas" {+Inv rC+ Regen+ Int-2 Dex+5}
 38749 | Elf:3    | Reached XP level 20. HP: 160/160 MP: 29/38
 38892 | Elf:3    | Found the +7 mace of Variability {chaos, chain chaos}
 38941 | Elf:3    | Identified the +5 great sword of Sunlight {venom, Str+2}
 38945 | Elf:3    | Identified the +0 sling "Coacziel" {heavy, rF- rC+ MP+9
                  | Str+5}
 38946 | Elf:3    | Identified the +7 long sword "Xerymici" {freeze, rElec
                  | rPois Stlth+}
 39163 | Elf:3    | Identified the staff of earth "Buzxokk" {rPois Int+3}
 39288 | Elf:3    | Found a runed translucent gate.
 39288 | Elf:3    | Found a runed translucent gate.
 39288 | Elf:3    | Found a runed translucent gate.
 39291 | Elf:3    | Noticed hikkokomori's ghost (adept GrHu)
 39293 | Elf:3    | Identified the +1 leather armour of the Robin {rF++}
 39305 | Elf:3    | Found an iron altar of Okawaru.
 40219 | D:11     | Killed Fannar
 40249 | D:11     | Killed Harold
 40441 | D:14     | Found a gate to the Vaults.
 40499 | Vaults:1 | Entered Level 1 of the Vaults
 40750 | Vaults:1 | Found Gare's Book Boutique.
 41031 | Vaults:1 | Reached skill level 15 in Fighting
 41692 | Vaults:1 | Upgraded the game from 0.30-a0-972-gf3ab3527aa to
                  | 0.30-a0-986-g7f2e898f52
 41845 | Vaults:2 | You are sucked into a shaft and drop 1 floor!
 41865 | Vaults:3 | Found a transporter.
 41906 | Vaults:3 | Found a transporter.
 41933 | Vaults:3 | Found Xeitewio's General Store.
 41940 | Vaults:3 | Bought a potion of magic for 144 gold pieces
 42212 | Vaults:3 | Found a runed translucent door.
 42262 | Vaults:3 | Noticed Inath's ghost (adept OpTm)
 42394 | Vaults:3 | Found a staircase to the Crypt.
 42415 | Vaults:3 | Reached XP level 21. HP: 168/168 MP: 39/39
 42472 | Vaults:3 | Identified the +0 ring mail of Cyupp {+Blink Str+3 Int-2
                  | Stlth+}
 42549 | Vaults:3 | Reached skill level 22 in Armour
 42583 | Vaults:3 | Reached skill level 15 in Spellcasting
 42781 | Abyss:2  | Cast into level 2 of the Abyss (a deep elf sorcerer)
 42791 | Abyss:2  | Found a corrupted altar of Lugonu.
 42797 | Abyss:2  | Found a corrupted altar of Lugonu.
 42948 | Abyss:2  | Found a corrupted altar of Lugonu.
 43043 | Abyss:3  | Noticed an ancient lich
 43047 | Abyss:3  | Noticed an ancient lich
 43050 | Abyss:3  | Killed an ancient lich
 43057 | Abyss:3  | Killed an ancient lich
 43065 | Abyss:3  | Paralysed by accursed screaming for 2 turns
 43164 | Vaults:3 | Escaped the Abyss
 43587 | Vaults:3 | Killed Inath's ghost
 43594 | Vaults:3 | Got the Papyrus of the Rocks
 43760 | Vaults:3 | Noticed an ancient lich
 43776 | Vaults:3 | Killed an ancient lich
 43933 | Vaults:3 | Reached skill level 15 in Short Blades
 43933 | Vaults:3 | Reached skill level 15 in Long Blades
 43933 | Vaults:3 | Reached skill level 15 in Axes
 43933 | Vaults:3 | Reached skill level 15 in Maces & Flails
 43933 | Vaults:3 | Reached skill level 15 in Staves
 43933 | Vaults:3 | Reached skill level 15 in Ranged Weapons
 43933 | Vaults:3 | Reached skill level 15 in Throwing
 43933 | Vaults:3 | Reached skill level 15 in Dodging
 43933 | Vaults:3 | Reached skill level 15 in Stealth
 43933 | Vaults:3 | Reached skill level 15 in Shields
 43933 | Vaults:3 | Reached skill level 15 in Unarmed Combat
 43977 | Vaults:3 | Got the Cyclopedia of Frost
 43983 | Vaults:3 | Identified the ring "Menkepok" {rF+ rC++ Str+3}
 43998 | Vaults:3 | Identified the ring of Leascheo {rF+ Str+2 Stlth+}
 45382 | Vaults:4 | Reached XP level 22. HP: 177/177 MP: 41/41
 45504 | Vaults:4 | Identified the +4 short sword "Ziatunn" {antimagic, Dex+3}
 46091 | Vaults:4 | Noticed Xtahua
 46101 | Vaults:4 | Killed Xtahua
 46448 | Depths:1 | Entered Level 1 of the Depths
 46467 | Depths:1 | Learned a level 6 spell: Iron Shot
 46686 | Depths:1 | Reached skill level 23 in Armour
 46804 | Depths:1 | Identified the +1 chain mail of the Tangerine {Fly}
 47485 | Snake:2  | Bought a book of Alchemy for 364 gold pieces
 47491 | Snake:2  | Learned a level 5 spell: Irradiate
 47817 | Depths:1 | Found a one-way gateway to a ziggurat.
 48025 | Depths:1 | Found a gateway to Hell.
 48341 | Depths:2 | Found a one-way gate leading to the halls of Pandemonium.
 48658 | Depths:2 | Learned a level 6 spell: Statue Form
 48723 | Depths:2 | Noticed Mara
 48735 | Depths:2 | Noticed freelancePsychic's illusion
 48736 | Depths:2 | Reached XP level 23. HP: 135/185 MP: 38/43
 48773 | Depths:2 | Killed Mara
 49781 | Depths:3 | Noticed a juggernaut
 49792 | Depths:3 | Killed a juggernaut
 49882 | Depths:3 | Identified the +0 leather armour "Kawapa" {Int+6}
 50399 | Depths:3 | Found a one-way gate to the infinite horrors of the Abyss.
 50487 | Depths:4 | Entered Level 4 of the Depths
 50542 | Depths:4 | Found a portal to a secret trove of treasure.
 50554 | Depths:4 | Learned a level 7 spell: Enfeeble
 50694 | Depths:4 | Reached skill level 24 in Armour
 50705 | Depths:4 | Found a sacrificial altar of Ru.
 50912 | Depths:4 | Found a gate to the Realm of Zot.
 51733 | Depths:3 | Voluntarily entered the Abyss.
 51749 | Abyss:4  | Found a corrupted altar of Lugonu.
 51832 | Abyss:4  | Found a transporter.
 51833 | Abyss:4  | Noticed a dread lich
 51839 | Abyss:4  | Killed a dread lich
 51840 | Abyss:4  | Reached XP level 24. HP: 133/195 MP: 23/43
 51845 | Abyss:4  | Found a transporter.
 51846 | Abyss:4  | Got an abyssal rune of Zot
 51874 | Depths:3 | Escaped the Abyss
 52271 | Slime:1  | Entered Level 1 of the Pits of Slime
 52297 | Slime:1  | Learned a level 6 spell: Eringya's Noxious Bog
 52301 | Slime:1  | Learned a level 3 spell: Ignite Poison
 52366 | Slime:2  | Noticed Dissolution
 52376 | Slime:2  | Killed Dissolution
 52515 | Slime:5  | Entered Level 5 of the Pits of Slime
 52702 | Slime:5  | Noticed the Royal Jelly
 52711 | Slime:5  | Killed the Royal Jelly
 52720 | Slime:5  | Gained mutation: You are occasionally teleported next to
                  | monsters. [a shining eye]
 52979 | Slime:5  | Identified the ring "Acsiank" {Wiz Int+4 SInv Stlth+}
 52993 | Slime:5  | Identified the ring "Maepugac" {Wiz Dex+5}
 53009 | Slime:5  | Got a slimy rune of Zot
 53021 | Slime:5  | Identified the +9 trident of Disharmony {elec, rCorr}
 53055 | Slime:5  | Got Bahesol's Discourse on the Phantasmal Gift
 53068 | Slime:5  | Identified the +5 glaive "Taduumuxt" {elec, Drain rF+++ rC+
                  | Str+2}
 53069 | Slime:5  | Identified the +8 sling "Nieblin" {heavy, rC+ Str+3}
 53074 | Slime:5  | Identified the ring of Giesejir {Will+ Int+6}
 53334 | D:11     | Lost mutation: You are occasionally teleported next to
                  | monsters. [potion of mutation]
 53334 | D:11     | Gained mutation: You have large cloven feet. [potion of
                  | mutation]
 53334 | D:11     | Gained mutation: You are partially covered in large bone
                  | plates. (SH +4) [potion of mutation]
 53552 | Vaults:5 | Entered Level 5 of the Vaults
 53564 | Vaults:5 | Noticed a dread lich
 53571 | Vaults:5 | Killed a dread lich
 53703 | Vaults:5 | Found Lygen's Magic Scroll Shop.
 53725 | Vaults:5 | Bought a scroll of enchant armour for 142 gold pieces
 53725 | Vaults:5 | Bought a scroll of blinking for 142 gold pieces
 53727 | Vaults:5 | Identified the staff of poison "Osicsem" {rPois rF++
                  | Stlth+}
 53895 | Vaults:5 | Reached skill level 25 in Armour
 53916 | Vaults:5 | Noticed an ancient lich
 53919 | Vaults:5 | Killed an ancient lich
 53920 | Vaults:5 | Reached XP level 25. HP: 163/203 MP: 27/44
 54055 | Vaults:5 | Got a silver rune of Zot
 54067 | Vaults:5 | Identified the ring "Utaeghek" {EV+5 Dex+2}
 54129 | Vaults:5 | Noticed an ancient lich
 54140 | Vaults:5 | Killed an ancient lich
 54144 | Vaults:5 | Identified the +0 helmet of Hospitality {*Corrode rF+++ rC-
                  | Str+3}
 54531 | Vaults:5 | Identified the +2 helmet of Courage {rC+}
 55205 | Zot:1    | Entered Level 1 of the Realm of Zot
 55246 | Zot:1    | Identified the ring "Kouz" {Ice *Slow Fly Will+ Str+3}
 55246 | Zot:1    | Noticed Josephina
 55261 | Depths:4 | Killed Josephina
 55357 | Depths:4 | Learned a level 6 spell: Dispersal
 55438 | Zot:1    | Reached skill level 15 in Conjurations
 55438 | Zot:1    | Reached skill level 15 in Hexes
 55438 | Zot:1    | Reached skill level 15 in Summonings
 55438 | Zot:1    | Reached skill level 15 in Necromancy
 55438 | Zot:1    | Reached skill level 15 in Translocations
 55438 | Zot:1    | Reached skill level 15 in Transmutations
 55438 | Zot:1    | Reached skill level 15 in Fire Magic
 55438 | Zot:1    | Reached skill level 15 in Ice Magic
 55438 | Zot:1    | Reached skill level 15 in Air Magic
 55438 | Zot:1    | Reached skill level 15 in Earth Magic
 55438 | Zot:1    | Reached skill level 15 in Poison Magic
 55966 | Zot:1    | Found a transporter.
 55968 | Zot:1    | Found a transporter.
 55969 | Zot:1    | Found a transporter.
 56043 | Zot:1    | Found a transporter.
 56915 | Zot:2    | Found a transporter.
 56922 | Zot:2    | Noticed Zaeh's ghost (veteran TrTm)
 56935 | Zot:2    | Found a transporter.
 56976 | Zot:2    | Reached XP level 26. HP: 155/213 MP: 45/45
 57355 | Zot:3    | Identified the -1 pair of gloves "Munuraj" {Drain rF- MP+9
                  | Stlth+}
 57377 | Zot:3    | Acquired 358 gold pieces
 57843 | Zot:4    | Reached skill level 26 in Armour
 58368 | Zot:5    | Entered Level 5 of the Realm of Zot
 58870 | Zot:5    | Noticed an ancient lich
 58881 | Zot:5    | Noticed an orb of fire
 58883 | Zot:5    | Noticed an orb of fire
 58887 | Zot:5    | Killed an ancient lich
 58887 | Zot:5    | Noticed an orb of fire
 58888 | Zot:5    | Noticed an orb of fire
 58889 | Zot:5    | Noticed a dread lich
 58891 | Zot:5    | Gained mutation: You are clumsy. (Dex -2) [an orb of fire]
 58892 | Zot:5    | Killed a dread lich
 58892 | Zot:5    | Noticed an orb of fire
 58892 | Zot:5    | Noticed an orb of fire
 58892 | Zot:5    | Killed an orb of fire
 58893 | Zot:5    | Noticed an orb of fire
 58898 | Zot:5    | Killed an orb of fire
 58899 | Zot:5    | Killed an orb of fire
 58899 | Zot:5    | Killed an orb of fire
 58900 | Zot:5    | Killed an orb of fire
 58906 | Zot:5    | Gained mutation: Armour fits poorly on your strangely
                  | shaped body. [an orb of fire]
 58911 | Zot:5    | Gained mutation: You occasionally shout uncontrollably at
                  | your foes. [an orb of fire]
 58912 | Zot:5    | Killed an orb of fire
 58919 | Zot:5    | Noticed a Killer Klown
 58922 | Zot:5    | Killed an orb of fire
 58927 | Zot:5    | Killed a Killer Klown
 58936 | Zot:5    | Noticed a Killer Klown
 58980 | Zot:5    | Noticed a Killer Klown
 58980 | Zot:5    | Noticed a Killer Klown
 58986 | Zot:5    | Noticed a Killer Klown
 58998 | Zot:5    | Killed a Killer Klown
 59011 | Zot:5    | Killed a Killer Klown
 59012 | Zot:5    | Reached XP level 27. HP: 209/221 MP: 3/45
 59453 | Zot:5    | Identified the ring "Ruitz" {Fire rCorr Str+4}
 59588 | Zot:5    | Got the Orb of Zot
 60130 | D:$      | Escaped with the Orb!

Illustrated notes

Levels and vault maps discovered:
D:1:      eino_arrival_water_cross, layout_basic, kennysheep_flooded_box,
          minmay_distorted
D:2:      layout_rooms, basic_altar, shapermc_ecumenical_altar_notcrosses
D:3:      minmay_roachtagon, layout_basic, nrook_mini_backslash, nrook_campfire,
          st_stairs_12, minmay_tree_intersection
D:4:      layout_basic, hangedman_decor_slide_cut
D:5:      layout_gridville, minmay_temple_entry_ruins, serial_bayou,
          serial_bayou_lake_a, serial_bayou_pond_d, serial_bayou_lagoon_a,
          serial_bayou_pond_e, minmay_door_square, kennysheep_another_room,
          kb_lookout_dungeons_type, minmay_manual_moon
D:6:      layout_gridville, nicolae_ashenzari_panopticon
D:7:      layout_loops_ring, uniq_menkaure, uniq_crazy_yiuf_cottage
D:8:      layout_loops_corners, nicolae_shop_self_help
D:9:      minmay_distorted_concentric_squares, layout_long_grid,
          skrybe_limestone_x, nicolae_transporter_intersection
D:10:     layout_gridville, david_orc_4, nicolae_looking_at_the_future,
          uniq_urug
D:11:     layout_basic, lair_entry_dummy, special_room [special_room_kobold],
          nicolae_shop_fire_sale [nicolae_sub_dead_trees], hex_large,
          library_closet, uniq_harold, uniq_fannar
D:12:     layout_roguey, trog_three_pillars_becter
D:13:     layout_roguey, uniq_maurice
D:14:     layout_small_grid, grunt_vaults_entry_tiered, lightli_corner_chamber
D:15:     grunt_enter_depths_magical_seal, layout_basic,
          nicolae_hepliaklqana_hippocampus
Lair:1:   layout_cave_pods, dpeg_stationary_puzzle
Lair:2:   layout_chaotic_city, nicolae_swamp_entry_splash_gauntlet,
          nicolae_snake_entry_warm_welcome
Lair:3:   layout_regular_city
Lair:4:   layout_roguey, patterned_corridor
Lair:5:   grunt_lair_end_beastmaster, layout_concentric_octagons,
          dpeg_slime_entry_enclosed, serial_bayou_shore_b
Swamp:1:  layout_falls_marsh, serial_swamp_ruin, evilmike_swamp_ruin_house_2,
          evilmike_swamp_ruin_house_1
Swamp:2:  layout_basic_swamp, nicolae_swamp_little_tower, swamp_pool1,
          uniq_aizul
Swamp:3:  layout_basic_swamp, evilmike_swamp_ruin_house_3
Swamp:4:  swamp_vile, layout_basic_swamp, infiniplex_staircase_pool_2
Snake:1:  layout_cave_shapes, serial_shops, nicolae_shop_hallway_plus,
          hellmonk_ghost_happy_afterlife, uniq_kirke, uniq_jorgrun
Snake:2:  layout_layer_cave, grunt_megastairs_3, minmay_shop_grove
Snake:3:  layout_onion, nicolae_shop_i_like_big_books, st_stairs_3
Snake:4:  grunt_snake_rune_serpentine_throne, layout_layer_cave, drop_trap,
          serial_bayou_shore_b
Slime:1:  cheibrodos_slime_lost_civilization_9, layout_caves
Slime:2:  layout_caves, cheibrodos_slime_lost_civilization_5, uniq_dissolution
Slime:3:  layout_caves
Slime:4:  layout_caves, nicolae_slime_barrier
Slime:5
Orc:1:    layout_caves, basic_altar
Orc:2:    st_orc_elflike, layout_caves, hellmonk_bongcloud_opening
Elf:1:    eino_elf_arrival_customs, layout_gridlike, minmay_elf_necromancy,
          hangedman_research_toxicology, minmay_shop_star
Elf:2:    nicolae_elf_blades_splatter_lattice [infiniplex_blade_entry_pillars],
          layout_loops_cross, nicolae_elf_deep_mausoleum, uniq_zenata
Elf:3:    minmay_elf_hall, layout_geoelf_castle, gammafunk_ghost_fury_of_okawaru
Vaults:1: nicolae_vaults_theta, dpeg_vaults_monster_box, ontoclasm_vaults_eye,
          vaults_room_door_hall, ontoclasm_vaults_chip,
          nicolae_vaults_three_branches, v_alt_pattern_1,
          layout_vaults_omnigrid, serial_shops, shop
Vaults:2: ontoclasm_vaults_shuriken, grunt_vaults_diagonal,
          hangedman_vaults_hat, nicolae_vaults_hallways_thing,
          hangedman_vaults_stretched_pinwheel,
          vaults_standard_mumra_enter_the_diamond,
          nicolae_vaults_sealed_display, hangedman_vaults_cutoff,
          hangedman_vaults_corner_blocks, v_misc_10, hangedman_vaults_locks,
          st_cross, vaults_room_semicircle, layout_vaults_omnibox
Vaults:3: hellmonk_ghost_big_iron, vaults_dpeg_spiral, ontoclasm_vaults_chip,
          minmay_crypt_entry_simple_corners, nicolae_vaults_ring_of_whatevers,
          ontoclasm_vaults_spin, vaults_standard_mumra_x,
          gammafunk_dig_for_victory, v_misc_27,
          nicolae_vaults_mini_display_case, hangedman_vaults_pinch,
          layout_vaults_omnicross, serial_shops,
          nicolae_shop_temple_entry_statues_fountains
Vaults:4: nicolae_vaults_little_squares_4, nicolae_vaults_network_quinsquares
          [nicolae_vaults_network_quincunx_subvault,
          nicolae_vaults_network_quincunx_subvault,
          nicolae_vaults_network_quincunx_subvault,
          nicolae_vaults_network_quincunx_subvault], vaults_room_pools,
          v_misc_15, grunt_vaults_hallway_short,
          nicolae_vaults_little_squares_6, vaults_room_corners, v_alt_pattern_4,
          v_misc_29, v_misc_22, vaults_dpeg_encased_lava,
          ontoclasm_vaults_decontamination, nicolae_vaults_yaktaur_gun_rack,
          layout_vaults_ring, uniq_xtahua
Vaults:5
Depths:1: layout_basic, enter_ziggurat_b, hellmouth_1, grunt_ministairs_8,
          st_stairs_11, reono_crystal_passage, evilmike_minifort
Depths:2: nzn_winding_woodlands_cross
          [nzn_winding_woodlands_5x15_river_crossing,
          nzn_winding_woodlands_5x15_concentric,
          nzn_winding_woodlands_5x15_lazy_stream,
          nzn_winding_woodlands_5x15_longhouse,
          nzn_winding_woodlands_15x15_boxy_spiral], layout_cave_pools,
          pf_hell_entry_great_geh, grunt_pan_entry_spiral,
          minmay_misc_feat_more_columns, infiniplex_staircase_diamond, uniq_mara
Depths:3: cheibrodos_hall_of_evolution, layout_cave_shapes,
          nicolae_hell_entry_hellmouth_sunbeams, abyss_entry,
          infiniplex_staircase_star
Depths:4: grunt_zot_entry_bicorn, layout_basic, hangedman_ru_absence,
          rand_demon_pan_entry_7, pf_hell_entry_tar_spiral, enter_trove_5
Zot:1:    layout_onion, nicolae_diode_quadrants, grunt_megastairs_2,
          uniq_josephina
Zot:2:    layout_misc_corridors, gammafunk_ghost_arena, grunt_ministairs_8
Zot:3:    layout_twisted_circle
Zot:4:    layout_onion_interference
Zot:5:    layout_misc_corridors, drop_trap

Skill      XL: |  1  2  3  4  5  6  7  8  9 10 11 12 13 14 15 16 17 18 19 20 21 22 23 24 25 26 27 |
---------------+----------------------------------------------------------------------------------+-----
Armour         | 11 12 13 14 15 16 17 18 19 20 21 22 23 24 25 26 | 26.9
Short Blades   | 1 2 3 4 5 6 7 8 9 10 11 12 13 14 15 16 17 18 | 18.8
Long Blades    | 1 2 3 4 5 6 7 8 9 10 11 12 13 14 15 16 17 18 | 18.8
Axes           | 1 2 3 4 5 6 7 8 9 10 11 12 13 14 15 16 17 18 | 18.8
Maces & Flails | 1 2 3 4 5 6 7 8 9 10 11 12 13 14 15 16 17 18 | 18.8
Polearms       | 1 2 3 4 5 6 7 9 10 12 13 14 16 17 18 19 20 21 22 23 24 | 24.7
Staves         | 1 2 3 4 5 6 7 8 9 10 11 12 13 14 15 16 17 18 | 18.8
Ranged Weapons | 1 2 3 4 5 6 7 8 9 10 11 12 13 14 15 16 17 18 | 18.8
Throwing       | 1 2 3 4 5 6 7 8 9 10 11 12 13 14 15 16 17 18 | 18.8
Dodging        | 1 2 3 4 5 6 7 8 9 10 11 12 13 14 15 16 17 18 | 18.8
Stealth        | 1 2 3 4 5 6 7 8 9 10 11 12 13 14 15 16 17 18 | 18.8
Shields        | 1 2 3 4 5 6 7 8 9 10 11 12 13 14 15 16 17 18 | 18.8
Unarmed Combat | 1 2 3 4 5 6 7 8 9 10 11 12 13 14 15 16 17 18 | 18.8
Spellcasting   | 3 4 5 6 7 8 9 10 11 12 13 14 15 16 17 18 19 | 19.0
Evocations     | 1 2 3 4 5 6 7 8 9 10 12 13 14 16 17 18 19 20 21 22 23 | 23.6
Conjurations   | 1 2 3 4 5 6 7 8 9 10 11 12 13 14 15 16 | 16.1
Hexes          | 1 2 3 4 5 6 7 8 9 10 11 12 13 14 15 16 | 16.1
Summonings     | 1 2 3 4 5 6 7 8 9 10 11 12 13 14 15 16 | 16.1
Necromancy     | 1 2 3 4 5 6 7 8 9 10 11 12 13 14 15 16 | 16.1
Translocations | 1 2 3 4 5 6 7 8 9 10 11 12 13 14 15 16 | 16.1
Transmutations | 1 2 3 4 5 6 7 8 9 10 11 12 13 14 15 16 | 16.1
Fire Magic     | 1 2 3 4 5 6 7 8 9 10 11 12 13 14 15 16 | 16.1
Ice Magic      | 1 2 3 4 5 6 7 8 9 10 11 12 13 14 15 16 | 16.1
Air Magic      | 1 2 3 4 5 6 7 8 9 10 11 12 13 14 15 16 | 16.1
Earth Magic    | 1 2 3 4 5 6 7 8 9 10 11 12 13 14 15 16 | 16.1
Poison Magic   | 1 2 3 4 5 6 7 8 9 10 11 12 13 14 15 16 | 16.1
Invocations    | 5 6 7 8 9 10 11 12 13 14 15 16 17 18 19 20 | 20.8
Fighting       | 5 6 7 8 9 10 11 12 13 14 15 16 17 18 19 | 19.3

Action                     |  1- 3 |  4- 6 |  7- 9 | 10-12 | 13-15 | 16-18 | 19-21 | 22-24 | 25-27 || total
---------------------------+-------+-------+-------+-------+-------+-------+-------+-------+-------++-------
  Melee: Dagger            |    58 |       |       |       |       |       |       |       |       ||    58
         Club              |     9 |       |       |       |       |       |       |       |       ||     9
         Bite              |     8 |    17 |    33 |    64 |   100 |   130 |   171 |   240 |   177 ||   940
         Spear             |       |    50 |       |       |       |       |       |       |       ||    50
         Quarterstaff      |       |   146 |       |       |       |       |       |       |       ||   146
         Punch             |       |     2 |     8 |       |       |       |       |       |       ||    10
         Falchion          |       |    45 |   202 |   267 |       |       |       |       |       ||   514
         Demon trident     |       |       |       |   246 |   421 |       |       |       |       ||   667
         Labrys            |       |       |       |       |   350 |  1056 |  1114 |  1243 |  1015 ||  4778
  Throw: Dart              |       |     2 |    25 |    11 |     9 |       |       |       |       ||    47
         Javelin           |       |       |     5 |     1 |       |       |       |    12 |       ||    18
         Throwing net      |       |       |       |     3 |       |       |       |       |       ||     3
         Boomerang         |       |       |       |       |       |       |       |       |    34 ||    34
   Cast: Borgnjor's Vile C |       |       |       |     2 |    16 |    18 |    12 |    14 |     1 ||    63
         Wereblood         |       |       |       |     1 |    20 |    30 |    27 |    23 |    19 ||   120
         Manifold Assault  |       |       |       |       |    12 |   131 |    50 |    20 |    69 ||   282
         Dispel Undead     |       |       |       |       |       |     8 |     8 |       |       ||    16
         Iron Shot         |       |       |       |       |       |       |       |    23 |       ||    23
         Irradiate         |       |       |       |       |       |       |       |    14 |     4 ||    18
         Statue Form       |       |       |       |       |       |       |       |     1 |     1 ||     2
         Eringya's Noxious |       |       |       |       |       |       |       |    14 |     4 ||    18
         Ignite Poison     |       |       |       |       |       |       |       |     9 |       ||     9
 Invoke: Bend Time         |       |       |     1 |       |       |       |       |       |       ||     1
         Slouch            |       |       |       |     6 |     3 |     4 |     3 |     3 |       ||    19
         Temporal Distorti |       |       |       |     1 |       |       |     1 |       |       ||     2
         Step From Time    |       |       |       |       |       |     1 |       |     1 |       ||     2
Ability: Evoke Invisibilit |       |       |       |       |       |       |       |     1 |     5 ||     6
         End Transformatio |       |       |       |       |       |       |       |     1 |     1 ||     2
  Evoke: Wand              |     2 |       |     3 |    11 |     3 |     3 |     6 |       |     1 ||    29
         Tin of tremorston |       |       |       |     1 |     4 |     3 |     3 |     4 |     2 ||    17
         Box of beasts     |       |       |       |       |       |       |     2 |     1 |       ||     3
         Condenser vane    |       |       |       |       |       |       |       |       |     1 ||     1
         Lightning rod     |       |       |       |       |       |       |       |       |     1 ||     1
    Use: Potion            |     1 |       |     2 |       |     1 |     4 |    12 |     7 |    10 ||    37
         Scroll            |       |     9 |     2 |     6 |    18 |    11 |     4 |     8 |     5 ||    63
   Stab: Sleeping          |       |     1 |     4 |    11 |    18 |    27 |    26 |    24 |    11 ||   122
         Distracted        |       |       |       |     1 |     2 |     1 |       |     3 |     5 ||    12
         Petrifying        |       |       |       |       |     2 |       |       |       |       ||     2
         Invisible         |       |       |       |       |       |       |     5 |     9 |    67 ||    81
         Held in net/web   |       |       |       |       |       |       |       |       |     1 ||     1
 Armour: Scale mail        |    38 |   153 |    79 |   153 |   229 |   221 |       |       |       ||   873
         Leather armour    |       |       |       |       |       |    44 |   182 |    25 |       ||   251
         Fire dragon scale |       |       |       |       |       |       |       |   245 |   161 ||   406
         Skin              |       |       |       |       |       |       |       |    20 |       ||    20
  Dodge: Dodged            |    41 |   172 |   152 |   381 |   524 |   579 |   742 |   936 |   541 ||  4068
  Block: Buckler           |       |       |       |   217 |   253 |    56 |       |       |       ||   526
         Kite shield       |       |       |       |       |       |   941 |  1076 |  1367 |   922 ||  4306
         Reflection        |       |       |       |       |       |    52 |       |       |       ||    52

Table legend: (Time is in decaauts)
 A = Elapsed time spent in this place.
 B = Non-inter-level travel time spent in this place.
 C = Inter-level travel time spent in this place.
 D = Time resting spent in this place.
 E = Time spent auto-exploring this place.
 F = Levels seen in this place.
 G = Mean time per level.
                   A        B        C        D        E       F      G
               +--------+--------+--------+--------+--------+-----+--------+
         Total |  95171 |  81482 |  13689 |   1312 |  65713 |  56 | 1699.5 |
       Dungeon |  27292 |  21818 |   5474 |    624 |  17924 |  15 | 1819.5 |
          Lair |  12112 |   9603 |   2509 |    248 |   8108 |   5 | 2422.4 |
         Swamp |   6328 |   6013 |    315 |    190 |   4759 |   4 | 1582.0 |
     Snake Pit |  11064 |   9818 |   1246 |      0 |   8459 |   4 | 2766.0 |
    Slime Pits |   1264 |   1136 |    128 |    125 |    522 |   5 |  252.8 |
  Orcish Mines |   2495 |   1796 |    699 |      0 |   1533 |   2 | 1247.5 |
   Elven Halls |   6302 |   5886 |    416 |      0 |   4600 |   3 | 2100.7 |
        Vaults |  12008 |  10452 |   1556 |      0 |   8304 |   5 | 2401.6 |
        Depths |   8377 |   7499 |    878 |     89 |   5977 |   4 | 2094.2 |
           Zot |   7069 |   6604 |    465 |     36 |   5080 |   5 | 1413.8 |
         Abyss |    856 |    856 |      0 |      0 |    446 |   4 |  214.0 |
               +--------+--------+--------+--------+--------+-----+--------+

Top non-repeatable levels by time:
  Lair:2: 3692 daAuts
 Snake:2: 3496 daAuts
Vaults:3: 3422 daAuts
    D:10: 3249 daAuts
 Snake:4: 3111 daAuts
 Snake:1: 2747 daAuts
    D:14: 2747 daAuts
   Elf:3: 2631 daAuts
  Lair:1: 2508 daAuts
Vaults:1: 2465 daAuts
     D:9: 2406 daAuts
Depths:4: 2285 daAuts
     D:8: 2259 daAuts
Vaults:5: 2244 daAuts
    D:12: 2243 daAuts
